 Dungeon Crawl Stone Soup version 0.30.0 (webtiles) character file.

Game seed: 5000772670156541266

13153 Jarnaxa the Severer (level 11, -10/99 HPs)
             Began as a Minotaur Fighter on May 6, 2023.
             Was a Priest of Makhleb.
             Mangled by a seven-headed hydra (11 damage)
             ... on level 1 of the Lair of Beasts.
             The game lasted 00:23:19 (11093 turns).

Jarnaxa the Severer (Minotaur Fighter)             Turns: 11093, Time: 00:23:19

Health: -10/99     AC: 13    Str: 31    XL:     11   Next: 71%
Magic:  10/10      EV: 17    Int:  5    God:    Makhleb [***...]
Gold:   633        SH:  5    Dex: 10    Spells: 10/10 levels left

rFire   . . .        a - +4 war axe (elec)
rCold   . . .        c - +0 buckler
rNeg    . . .        b - +2 scale mail
rPois   .            (helmet restricted)
rElec   .            (no cloak)
rCorr   .            h - +0 pair of gloves {Stlth+}
SInv    .            n - +0 pair of boots
Will    .....        (no amulet)
Stlth   +            f - +6 ring of strength
HPRegen 0.36/turn    A - +5 ring of evasion
MPRegen 0.12/turn

%: no passive effects
@: no status effects
A: horns 2, retaliatory headbutt
a: Renounce Religion, Minor Destruction, Lesser Servant of Makhleb


You were on level 1 of the Lair of Beasts.
You worshipped Makhleb.
Makhleb was most pleased with you.
You visited 3 branches of the dungeon, and saw 11 of its levels.
You also visited: Sewer.

You collected 633 gold pieces.

Inventory:

Hand Weapons
 a - a +4 war axe of electrocution (weapon)
Missiles
 o - 4 silver javelins (quivered)
Armour
 b - a +2 scale mail (worn)
 c - a +0 buckler (worn)
 h - a +0 pair of gloves of stealth (worn)
 n - a +0 pair of boots (worn)
Jewellery
 f - a +6 ring of strength (left hand)
 g - a ring of ice
 A - a +5 ring of evasion (right hand)
 B - a ring of wizardry
 H - a ring of flight
Wands
 k - a wand of digging (5)
 q - a wand of flame (78)
 y - a wand of charming (15)
 D - a wand of iceblast (9)
 E - a wand of acid (4)
Scrolls
 e - 4 scrolls of identify
 i - 5 scrolls of teleportation
 l - 2 scrolls of poison
 m - 2 scrolls of blinking
 t - a scroll of fear
 C - a scroll of vulnerability {unknown}
 G - a scroll of amnesia
 J - a scroll of enchant armour
Potions
 d - a potion of haste {unknown}
 j - 2 potions of attraction
 p - 2 potions of mutation
 r - a potion of lignification
 s - a potion of resistance
 u - 6 potions of curing
 v - 4 potions of flight
 x - 3 potions of heal wounds
 z - 4 potions of brilliance
 F - a potion of invisibility


   Skills:
 + Level 10.1 Fighting
 + Level 15.4 Axes
 + Level 10.6 Armour
 + Level 6.0 Dodging
 + Level 1.6 Stealth
 + Level 7.0 Shields


You had 10 spell levels left.
You didn't know any spells.
Your spell library contained the following spells:

 Spells                   Type           Power      Damage    Failure   Level
 Magic Dart               Conj           0%         1d3       71%         1
 Call Imp                 Summ           0%         N/A       85%         2
 Mephitic Cloud           Conj/Pois/Air  0%         N/A       97%         3
 Vhi's Electric Charge    Tloc/Air       0%         N/A       97%         3
 Arcjolt                  Conj/Air       0%         1d10      100%        5
 Maxwell's Capacitive Co  Air            0%         ∞         100%        8


Dungeon Overview and Level Annotations

Branches:
Dungeon (9/15)             Temple (1/1) D:6            Lair (1/5) D:8
    Orc (0/2) D:9           Sewer (visited)

Altars:
Ashenzari
Cheibriados
Dithmenos
Elyvilon
Gozag
Kikubaaqudgha
Makhleb
Nemelex Xobeh
Qazlal
Ru
Sif Muna
Trog
Vehumet
Wu Jian
Xom
Yredelemnul
Zin
The Shining One

Shops:
D:5 ((:*   D:9 ?


Innate Abilities, Weirdness & Mutations

You have a pair of horns on your head.
You reflexively headbutt those who attack you in melee.


Message History

* * * LOW HITPOINT WARNING * * *
Aiming: Throw Flame
Press: ? - help, Q - select action, (/) - cycle Shift-Dir - straight line, f/p - seven-headed hydra
Aim: a seven-headed hydra (severely wounded, 89% to hit)
The puff of flame hits the seven-headed hydra!
The seven-headed hydra is severely wounded.
You block the seven-headed hydra's attack.
The seven-headed hydra barely misses you.
The seven-headed hydra bites you but does no damage.
The seven-headed hydra bites you.
* * * LOW HITPOINT WARNING * * *
The seven-headed hydra misses you.
The seven-headed hydra closely misses you.
The seven-headed hydra bites you.
* * * LOW HITPOINT WARNING * * *
Aiming: Throw Flame
Press: ? - help, Q - select action, (/) - cycle Shift-Dir - straight line, f/p - seven-headed hydra
Aim: a seven-headed hydra (severely wounded, 89% to hit)
The puff of flame hits the seven-headed hydra!
The seven-headed hydra is almost dead.
The seven-headed hydra bites you.
* * * LOW HITPOINT WARNING * * *
The seven-headed hydra closely misses you.
The seven-headed hydra bites you!
* * * LOW HITPOINT WARNING * * *
The seven-headed hydra closely misses you.
The seven-headed hydra bites you!
* * * LOW HITPOINT WARNING * * *
The seven-headed hydra bites you but does no damage.
The seven-headed hydra closely misses you.
Aiming: Throw Flame
Press: ? - help, Q - select action, (/) - cycle Shift-Dir - straight line, f/p - seven-headed hydra
Aim: a seven-headed hydra (almost dead, 89% to hit)
The puff of flame hits the seven-headed hydra.
The seven-headed hydra is almost dead.
The seven-headed hydra barely misses you. x2
The seven-headed hydra misses you.
You block the seven-headed hydra's attack.
The seven-headed hydra bites you!
You die...

#.......###)...##
..####### ##...##
### #...P# ###
#....# .P# ##...#
..## #...## ...##
##....# ....###
#.....# ......##
##[..@# ...†...##
#...D# ........##
#....# .........#
#....#
.........P#
##...#
........### #...#
.......## ##.##
.....P## #.
....###


You could see a seven-headed hydra.

Vanquished Creatures
  A very ugly thing (D:9)
  A catoblepas (Lair:1)
  A two-headed ogre (D:6)
  A tengu warrior (D:9)
  A skeletal warrior (D:9)
  A cyclops (D:9)
  Maurice (D:8)
  2 cane toads (Lair:1)
  A rime drake (Lair:1)
  A komodo dragon (D:8)
  A troll (D:9)
  A hornet (D:7)
  A slime creature (D:9)
  A wraith (D:9)
  14 yaks
  2 wyverns (D:9)
  An acid dragon (D:9)
  4 water moccasins
  An ice beast (D:7)
  3 sky beasts
  2 orc warriors
  A black bear (D:8)
  5 centaurs
  3 phantoms
  6 kobold brigands
  7 bullfrogs
  2 gnoll sergeants (D:9)
  6 scorpions
  11 wights
  3 killer bees (D:9)
  7 electric eels (D:8)
  3 howler monkeys
  2 hounds
  A gnoll bouda (D:9)
  3 orc priests
  Jessica (D:3)
  9 iguanas
  Natasha (thrice) (D:3)
  6 orc wizards
  28 gnolls
  2 river rats (Sewer)
  5 adders
  6 white imps
  An ufetubus (D:7)
  24 orcs
  5 ball pythons
  9 endoplasms
  4 giant cockroaches
  4 goblins
  10 hobgoblins
  3 jackals (D:3)
  8 quokkas
  2 bats
  A frilled lizard (D:2)
  16 kobolds
  10 rats
259 creatures vanquished.

Vanquished Creatures (others)
  5 fungi
  17 plants (D:8)
22 creatures vanquished.

Grand Total: 281 creatures vanquished

Notes
Turn   | Place    | Note
-------+----------+-------------------------------------------
     0 | D:1      | Jarnaxa the Minotaur Fighter began the quest for the Orb.
     0 | D:1      | Reached XP level 1. HP: 19/19 MP: 0/0
   264 | D:1      | Reached XP level 2. HP: 27/27 MP: 1/1
   991 | D:2      | Reached XP level 3. HP: 18/33 MP: 2/2
  1010 | D:2      | Reached skill level 3 in Axes
  1112 | D:2      | Reached skill level 5 in Armour
  1112 | D:2      | Reached XP level 4. HP: 35/40 MP: 3/3
  1210 | D:2      | Reached skill level 1 in Dodging
  1565 | D:3      | Noticed Natasha
  1571 | D:3      | Killed Natasha
  1855 | D:3      | Found a shadowy altar of Dithmenos.
  1865 | D:3      | Noticed Jessica
  1870 | D:3      | Killed Jessica
  1871 | D:3      | Reached XP level 5. HP: 44/46 MP: 4/4
  1907 | D:3      | Noticed Natasha
  1910 | D:3      | Killed Natasha
  1911 | D:3      | Reached skill level 4 in Axes
  1965 | D:3      | Noticed Natasha
  1971 | D:3      | Killed Natasha
  2818 | D:4      | Reached XP level 6. HP: 53/53 MP: 5/5
  2900 | D:4      | Reached skill level 5 in Axes
  3022 | D:4      | Reached skill level 6 in Axes
  3354 | D:4      | Reached XP level 7. HP: 60/60 MP: 6/6
  3558 | D:5      | Entered Level 5 of the Dungeon
  3734 | D:5      | Found Nuhyqu's Assorted Antiques.
  3905 | D:5      | Reached skill level 5 in Fighting
  3905 | D:5      | Reached skill level 7 in Axes
  4022 | D:5      | Found Rull's Book Shop.
  4211 | D:5      | Found Saupnun's Antique Weapon Boutique.
  4238 | D:5      | Found a shimmering blue altar of Sif Muna.
  4337 | D:5      | Found Ineureja's Weapon Shoppe.
  4439 | D:5      | Reached XP level 8. HP: 52/68 MP: 7/7
  4713 | D:6      | Found a glowing drain.
  4725 | D:6      | Reached skill level 8 in Axes
  4725 | D:6      | Reached skill level 5 in Shields
  4731 | Sewer    | Entered a sewer
  5028 | Sewer    | Found a white marble altar of Elyvilon.
  5086 | D:6      | Found a staircase to the Ecumenical Temple.
  5115 | Temple   | Entered the Ecumenical Temple
  5307 | Temple   | Became a worshipper of Makhleb the Destroyer
  5623 | D:6      | Reached skill level 9 in Axes
  5935 | D:6      | Noticed a two-headed ogre
  5941 | D:6      | Killed a two-headed ogre
  5942 | D:6      | Reached skill level 10 in Axes
  5942 | D:6      | Reached XP level 9. HP: 28/75 MP: 8/8
  6405 | D:7      | Identified the +1 ring mail of Undesirable Species {rF+
                  | Str+5}
  6816 | D:7      | Reached skill level 11 in Axes
  6880 | D:7      | Reached * piety under Makhleb
  7085 | D:7      | You fall into a shaft and drop 1 floor!
  7107 | D:8      | Found a sparkling altar of Nemelex Xobeh.
  7148 | D:8      | Reached XP level 10. HP: 83/86 MP: 9/9
  7160 | D:8      | Reached skill level 12 in Axes
  7239 | D:8      | Noticed Maurice
  7258 | D:8      | Killed Maurice
  7502 | D:8      | Reached skill level 5 in Dodging
  7502 | D:8      | Reached skill level 1 in Stealth
  7524 | D:8      | Reached ** piety under Makhleb
  7551 | D:8      | Found a staircase to the Lair.
  7834 | D:8      | Found a bloodstained altar of Trog.
  8427 | D:9      | Reached skill level 13 in Axes
  8444 | D:9      | Found Ilohez's Magic Scroll Shoppe.
  8814 | D:9      | Reached skill level 10 in Armour
  8880 | D:9      | Reached *** piety under Makhleb
  8886 | D:9      | Reached XP level 11. HP: 95/95 MP: 10/10
  9048 | D:9      | Reached skill level 14 in Axes
  9171 | D:9      | Identified the +9 shortbow of Exquisite Torment {freeze,
                  | Fragile SInv Stlth+}
  9171 | D:9      | Noticed a skeletal warrior
  9189 | D:9      | Killed a skeletal warrior
  9481 | D:9      | Noticed a tengu warrior
  9492 | D:9      | Killed a tengu warrior
  9527 | D:9      | Noticed a brown very ugly thing
  9550 | D:9      | Killed a brown very ugly thing
  9739 | D:9      | Found a staircase to the Orcish Mines.
  9929 | Lair:1   | Entered Level 1 of the Lair of Beasts
  9944 | Lair:1   | Reached skill level 15 in Axes
 10129 | Lair:1   | Noticed a catoblepas
 10272 | Lair:1   | Killed a catoblepas
 10273 | Lair:1   | Reached skill level 10 in Fighting
 11081 | Lair:1   | Noticed a four-headed hydra
 11092 | Lair:1   | HP: 1/99 [seven-headed hydra (7)]
 11093 | Lair:1   | Mangled by a seven-headed hydra

Illustrated notes

Levels and vault maps discovered:
D:1:      minmay_arrival_wavy_path, layout_basic
D:2:      layout_rooms, minmay_misc_feat_room
D:3:      layout_basic, nicolae_dithmenos_through_a_glass_darkly, minmay_cupped,
          uniq_jessica, uniq_natasha
D:4:      layout_basic
D:5:      cheibrodos_thug_alley, layout_loops_cross,
          mainiacjoe_overflow_small_starburst, serial_shops,
          nicolae_shop_bloodbath_and_beyond, shop, shop_fountains,
          nicolae_book_shop_shelving, minivault_1, minmay_tree_intersection
D:6:      layout_basic, minmay_temple_entry_slanted, portal_sewer_entry_f
D:7:      layout_gridville, minmay_alternating_orb
D:8:      layout_loops_ring, mainiacjoe_overflow_alcove_2,
          nemelex_diamond_rough_becter, grunt_lair_entry_orc_guard_hut,
          serial_bayou, serial_bayou_lake_a, serial_bayou_pond_d,
          serial_bayou_pond_c, serial_bayou_crossing, serial_bayou_ford_a,
          uniq_maurice
D:9:      nzn_winding_woodlands_cross [nzn_winding_woodlands_5x15_twine,
          nzn_winding_woodlands_5x15_crooked, nzn_winding_woodlands_5x15_pool,
          nzn_winding_woodlands_5x15_longhouse,
          nzn_winding_woodlands_15x15_thick_spiral], layout_stronghold,
          serial_shops, shop
Temple:   eino_narrow_crystal_temple
Lair:1:   layout_cave_pods, chequers_serial_rivers_room_b

Skill      XL: |  1  2  3  4  5  6  7  8  9 10 11 |
---------------+----------------------------------+-----
Armour         | 4 5 6 7 9 10 | 10.6
Fighting       | 4 5 6 7 8 10 | 10.1
Shields        | 4 5 6 7 |  7.0
Axes           | 3 4 6 7 10 11 13 15 | 15.4
Dodging        | 1 3 4 5 6 |  6.0
Stealth        | 1 |  1.6

Action                     |  1- 3 |  4- 6 |  7- 9 | 10-12 || total
---------------------------+-------+-------+-------+-------++-------
  Melee: War axe           |    52 |    97 |   255 |   279 ||   683
         Headbutt          |     2 |    15 |    40 |    55 ||   112
  Evoke: Wand              |       |       |       |     6 ||     6
    Use: Scroll            |     2 |     8 |    12 |     3 ||    25
         Potion            |       |       |     2 |     4 ||     6
   Stab: Sleeping          |       |       |       |     1 ||     1
 Armour: Scale mail        |    25 |    45 |   102 |    59 ||   231
  Dodge: Dodged            |    20 |    46 |   113 |   155 ||   334
  Block: Buckler           |     2 |    18 |    52 |    55 ||   127
